 Dungeon Crawl Stone Soup version 0.31.0-11-ge490571c62 (webtiles) character file.

Game seed: 299422048047311122

49 DemonSlayer the Digger (level 3, -1/24 HPs)
             Began as a Demonspawn Earth Elementalist on Jan 30, 2024.
             Slain by a hobgoblin (2 damage)
             ... led by Robin
             ... on level 2 of the Dungeon.
             The game lasted 00:03:43 (1280 turns).

DemonSlayer the Digger (DsEE)                       Turns: 1280, Time: 00:03:43

Health: -1/24      AC:  2    Str:  8    XL:     3   Next: 53%
Magic:  2/7        EV: 12    Int: 15    God:
Gold:   44         SH:  8    Dex: 15    Spells: 7/8 levels left

rFire   . . .        m - +3 dagger (pain)
rCold   . . .        (no shield)
rNeg    . . .        a - +0 robe
rPois   .            (helmet currently unavailable)
rElec   .            f - melded +0 cloak
rCorr   .            (gloves currently unavailable)
SInv    .            (boots currently unavailable)
Will    .....        (no amulet)
Stlth   ++           (no ring)
HPRegen 0.24/turn    (no ring)
MPRegen 0.10/turn

%: no passive effects
@: beast-form
A: beast (slay +0), large bone plates 1, condensation shield
a: Begin Untransformation


You were on level 2 of the Dungeon.
You were a hulking beast.
You visited 1 branch of the dungeon, and saw 2 of its levels.

You collected 44 gold pieces.

Inventory:

Hand Weapons
 c - a +0 dagger
 m - a +3 dagger of pain (weapon)
Armour
 a - a +0 robe (worn)
 f - a +0 cloak (melded)
 k - a +2 pair of gloves
Talismans
 h - a beast talisman (active)
 j - a flux talisman
Scrolls
 d - a scroll of blinking {unknown}
 e - 2 scrolls of noise {unknown}
 g - a scroll of fog {unknown}
 l - a scroll of identify {unknown}
Potions
 b - a potion of magic
 i - a potion of lignification {unknown}


   Skills:
 + Level 0.1 Fighting
 + Level 1.9 Dodging
 + Level 2.0 Stealth
 + Level 3.0 Spellcasting
 + Level 1.0 Conjurations
 + Level 3.1 Earth Magic


You had 7 spell levels left.
You knew the following spells:

 Your Spells              Type           Power      Damage    Failure   Level
a - Sandblast             Erth           22%        2d7       5%          1

Your spell library contained the following spells:

 Spells                   Type           Power      Damage    Failure   Level
 Passwall                 Erth           11%        N/A       16%         3
 Stone Arrow              Conj/Erth      16%        3d8       26%         3
 Brom's Barrelling Bould  Conj/Erth      8%         2d3       63%         4
 Petrify                  Alch/Erth      7%         N/A       71%         4


Dungeon Overview and Level Annotations

Branches:
Dungeon (2/15)

Altars:

Annotations:
D:2 Robin


Innate Abilities, Weirdness & Mutations

You are a hulking beast.
Your limbs bulge with bestial killing power. (Slay +0)
You are partially covered in large bone plates. (SH +4)
A meltable shield of frost defends you. (SH +4)


Message History

The hobgoblin closely misses you.
The goblin shoots a sling bullet.
The sling bullet barely misses you.
Things that are here:
a +0 club; a goblin corpse Robin throws the goblin at you!
* * * LOW HITPOINT WARNING * * *
The goblin unwields a +0 sling.
The goblin wields a +0 dagger.
The goblin hits you with a +0 dagger.
* * * LOW HITPOINT WARNING * * *
The hobgoblin attacks as it pursues you!
You block the hobgoblin's attack.
The hobgoblin no longer looks unusually strong.
The hobgoblin attacks as it pursues you!
The hobgoblin hits you.
* * * LOW HITPOINT WARNING * * *
The hobgoblin attacks as it pursues you!
The hobgoblin hits you.
* * * LOW HITPOINT WARNING * * *
The hobgoblin attacks as it pursues you!
The hobgoblin barely misses you.
Casting: Sandblast (safe; 5% risk of failure)
Confirm with . or Enter, or press ? or * to list all spells.
Aiming: Sandblast (safe; 5% risk of failure)
Press: ? - help, Shift-Dir - straight line, f - hobgoblin
Aim: a hobgoblin (82% to hit)
The blast of sand hits the hobgoblin.
The hobgoblin is moderately wounded.
You block the hobgoblin's attack.
Unknown command.
Casting: Sandblast (safe; 5% risk of failure)
Confirm with . or Enter, or press ? or * to list all spells.
Aiming: Sandblast (safe; 5% risk of failure)
Press: ? - help, Shift-Dir - straight line, f/p - hobgoblin
Aim: a hobgoblin (moderately wounded, 82% to hit)
The blast of sand hits the hobgoblin.
The hobgoblin is severely wounded.
The hobgoblin hits you.
* * * LOW HITPOINT WARNING * * *
The hobgoblin hits you.
You die...

#..(.)..g..).).)###.#
##.g##...########
#..###### #..#
###########..#
.............#####
############...gg#
...# #####g# ##.# #h#
##.# #.# . #.# #.#
##. #.# #.# #..
##.###### #.# #.#
........# #.# ##.##
##.####.# #.# #...#
#.# #.# #.# ###...#
##.# #.# #.#
##.....####


You could see Robin, a hobgoblin and a goblin.

Vanquished Creatures
  An adder (D:2)
  2 ball pythons
  3 bats
  4 endoplasms
  2 giant cockroaches
  11 goblins
  2 hobgoblins (D:1)
  4 kobolds (D:1)
  A quokka (D:2)
  3 frilled lizards
  A rat (D:1)
34 creatures vanquished.

Notes
Turn   | Place    | Note
-------+----------+-------------------------------------------
     0 | D:1      | DemonSlayer the Demonspawn Earth Elementalist began the
                  | quest for the Orb.
     0 | D:1      | Reached XP level 1. HP: 13/13 MP: 3/3
   140 | D:1      | Gained mutation: You are partially covered in large bone
                  | plates. (SH +4) [demonic ancestry]
   140 | D:1      | Reached XP level 2. HP: 19/19 MP: 1/5
   898 | D:2      | Gained mutation: A meltable shield of frost defends you.
                  | (SH +4) [demonic ancestry]
   898 | D:2      | Reached XP level 3. HP: 14/24 MP: 2/7
   957 | D:2      | Identified the scarf "Did Kauv" {+Inv, Harm}
  1230 | D:2      | Noticed Robin
  1280 | D:2      | HP: 1/24 [hobgoblin[Robin] (2)]
  1280 | D:2      | Slain by a hobgoblin

Illustrated notes

Levels and vault maps discovered:
D:1:      lightli_arrival_farm, layout_basic
D:2:      layout_loops_ring, uniq_robin, uniq_sigmund

Skill      XL: |  1  2  3 |
---------------+----------+-----
Earth Magic    | 3 |  3.1
Spellcasting   | 3 |  3.0
Stealth        | 2 |  2.0
Fighting       | |  0.1
Dodging        | |  1.9
Conjurations   | |  1.0

Action                     || total
---------------------------++-------
  Melee: Dagger            ||    31
   Cast: Sandblast         ||    40
 Armour: Robe              ||    41
  Dodge: Dodged            ||    47
  Block: Other             ||    25
   Form: Beast             ||     1
